 Dungeon Sprint DCSS version 0.19.0-9-gfd783f2 (webtiles) character file.

21 LORDOFBUTT the Sneak (level 2, -3/13 HPs)
             Began as a Spriggan Enchanter on Nov 7, 2016.
             Was a Believer of Dithmenos.
             Slain by a wight
             ... wielding a +1 battleaxe
              (15 damage)
             ... in the Dungeon (Sprint VII: "The Pits").
             The game lasted 00:01:11 (449 turns).

LORDOFBUTT the Sneak (Spriggan Enchanter)            Turns: 449, Time: 00:01:12

Health: -3/13      AC:  3    Str:  4    XL:     2   Next: 62%
Magic:  8/8        EV: 18    Int: 16    God:    Dithmenos [**....]
Gold:   0          SH:  0    Dex: 16    Spells: 2 memorised, 7 levels left

rFire  . . .     SeeInvis +     p - +0 dagger (elec)
rCold  . . .     Gourm    .     b - +1 robe
rNeg   . . .     Faith    .     (shield restricted)
rPois  .         Spirit   .     (helmet restricted)
rElec  .         Reflect  .     (no cloak)
rCorr  .         Harm     .     (gloves unavailable)
MR     .....     NoTele   +     (boots unavailable)
Stlth  ++++......               (no amulet)
                                (no ring)
                                (no ring)

@: wreathed by umbra, very quick
A: unfitting armour, see invisible, herbivore 3, speed 3, slow metabolism 2
a: Shadow Step, Renounce Religion


You were in the Dungeon.
You worshipped Dithmenos.
Dithmenos was pleased with you.
You were not hungry.

You visited 1 branch

Inventory:

Hand Weapons
 k - a +2 dagger
 p - a +0 dagger of electrocution (weapon)
Armour
 b - a +1 robe (worn)
Scrolls
 j - a scroll of blinking
 l - 3 scrolls of remove curse
 m - 5 scrolls of amnesia
 n - a scroll of summoning
Potions
 a - 2 potions of invisibility
 e - 6 potions of curing
 f - 6 potions of heal wounds
 g - a potion of haste
 h - 4 potions of magic
 i - 3 potions of berserk rage
Books
 c - a book of Maledictions

   Spells                             Type                      Level
   a - Corona                         Hexes                        1
   b - Ensorcelled Hibernation        Hexes/Ice                    2
   c - Confuse                        Hexes                        3
   d - Tukima's Dance                 Hexes                        3
   e - Dazzling Spray                 Conjuration/Hexes            3
Comestibles
 d - 8 bread rations
 o - 40 fruits


   Skills:
 - Level 1.1 Short Blades
 - Level 3.0 Dodging
 + Level 5.7 Stealth
 * Level 4.8 Spellcasting
 * Level 5.5 Hexes


You had 7 spell levels left.
You knew the following spells:

 Your Spells              Type           Power        Failure   Level  Hunger
a - Corona                Hex            ###....      1%          1    None
b - Ensorcelled Hibernat  Hex/Ice        ##....       10%         2    ##.....


Dungeon Overview and Level Annotations

Branches:
Dungeon (1/1)

Altars:
Ashenzari
Cheibriados
Dithmenos
Elyvilon
Fedhas
Gozag
Hepliaklqana
Kikubaaqudgha
Makhleb
Nemelex Xobeh
Okawaru
Qazlal
Ru
Sif Muna
Trog
Uskayaw
Vehumet
Xom
Yredelemnul
Zin
The Shining One
Beogh
Jiyva
Lugonu


Innate Abilities, Weirdness & Mutations

You are very small and have problems with some larger weapons.
You are too small for most types of armour.
You have supernaturally acute eyesight. (SInv)
You are a herbivore.
You cover ground extremely quickly.
You need consume almost no food.


Message History

You see here a +2 plate armour.
You see here a +3 chain mail.
There is an open door here.
You see here a giant cockroach corpse.
You see here a giant cockroach corpse.
There is an open door here.
There is an open door, spattered with blood here.
There is an open door here.
You open the door.
There is an open door here.
You open the door. 3 wights come into view.
A leopard gecko, a warg, a deep elf mage and a skeleton come into view.
The leopard gecko hisses angrily.
There is an open door here.
The wight closely misses you.
You hit the wight but do no damage. The leopard gecko bites you.
The wight hits you with an enchanted battleaxe!
Ouch! That really hurt!
You die...

#.#.....#))#####'##
#.###'###))##......
#.#.....#.)##......
#.#..†..#[[##......
#.####'##'###...<..
#.#...†....##......
#.#).......##......
#'###########......
#.@.....# #######
#.z.l...# #.zz#...#
#..## .e# #... .#
#... # #Z..h #####


You could see a deep elf mage (sleeping), 3 wights, a leopard gecko and an adder
skeleton (dormant).

Vanquished Creatures
  An ufetubus (D)
  An ooze (D)
  An adder zombie (D)
  A bat (D)
  A giant cockroach (D)
  A hobgoblin (D)
  A quokka (D)
  A leopard gecko zombie (D)
  A quokka zombie (D)
9 creatures vanquished.

Notes
Turn   | Place    | Note
-------+----------+-------------------------------------------
     0 | D        | LORDOFBUTT the Spriggan Enchanter began the quest for the Orb.
     0 | D        | Reached XP level 1. HP: 9/9 MP: 5/5
    12 | D        | Reached skill level 5 in Stealth
    31 | D        | Found a radiant altar of Vehumet.
    31 | D        | Found a hide-covered altar of Uskayaw.
    31 | D        | Found an ancient bone altar of Kikubaaqudgha.
    31 | D        | Found a viscous altar of Jiyva.
    31 | D        | Found a hazy altar of Hepliaklqana.
    32 | D        | Found a bloodstained altar of Trog.
    32 | D        | Found a deep blue altar of Sif Muna.
    32 | D        | Found a sacrificial altar of Ru.
    32 | D        | Found a stormy altar of Qazlal.
    32 | D        | Found an iron altar of Okawaru.
    32 | D        | Found a sparkling altar of Nemelex Xobeh.
    32 | D        | Found an opulent altar of Gozag.
    32 | D        | Found a blossoming altar of Fedhas.
    32 | D        | Found a white marble altar of Elyvilon.
    32 | D        | Found a shadowy altar of Dithmenos.
    32 | D        | Found a snail-covered altar of Cheibriados.
    33 | D        | Found a glowing golden altar of the Shining One.
    33 | D        | Found a glowing silver altar of Zin.
    34 | D        | Found a burning altar of Makhleb.
    34 | D        | Found a basalt altar of Yredelemnul.
    34 | D        | Found a roughly hewn altar of Beogh.
    35 | D        | Found a corrupted altar of Lugonu.
    35 | D        | Found a shimmering altar of Xom.
    35 | D        | Found a shattered altar of Ashenzari.
    47 | D        | Became a worshipper of Dithmenos the Shadowed
   107 | D        | Reached XP level 2. HP: 8/13 MP: 8/8
   111 | D        | Learned a level 2 spell: Ensorcelled Hibernation
   223 | D        | Reached * piety under Dithmenos
   223 | D        | Reached skill level 5 in Hexes
   345 | D        | Reached ** piety under Dithmenos
   444 | D        | Noticed a wight
   444 | D        | Noticed a wight
   444 | D        | Noticed a wight
   445 | D        | Noticed a deep elf mage
   445 | D        | Noticed a warg
   449 | D        | Slain by a wight

Skill      XL: |  1  2 |
---------------+-------+-----
Stealth        | 5 |  5.7
Spellcasting   | 4 |  4.8
Hexes          | 4 5 |  5.5
Short Blades   | |  1.1
Dodging        | |  3.0

Action                   || total
-------------------------++-------
Melee: Dagger            ||    35
 Stab: Sleeping          ||     5
Armor: Robe              ||     3
Dodge: Dodged            ||    26
